 Dungeon Crawl Stone Soup version 0.24-a0-243-g8f5f5cd (webtiles) character file.

Game seed: 9432698815543629204

159 MatthieuS the Insei (level 5, -1/37 HPs)
             Began as a Merfolk Transmuter on Apr 9, 2019.
             Slain by a gnoll
             ... wielding a +0 halberd
              (11 damage)
             ... on level 3 of the Dungeon.
             The game lasted 00:07:40 (3831 turns).

MatthieuS the Insei (Merfolk Transmuter)            Turns: 3831, Time: 00:07:40

Health: -1/37      AC:  2    Str: 11    XL:     5   Next: 40%
Magic:  4/9        EV: 13    Int: 13    God:
Gold:   223        SH:  0    Dex: 14    Spells: 4/10 levels left

rFire    . . .     SeeInvis .     - Unarmed
rCold    . . .     Gourm    .   (no shield)
rNeg     . . .     Faith    .   b - +0 robe
rPois    .         Spirit   .   (no helmet)
rElec    .         Reflect  .   (no cloak)
rCorr    .         Harm     .   (no gloves)
MR       .....                  (no boots)
Stlth    ++........             (no amulet)
HPRegen  0.12/turn              (no ring)
MPRegen  0.11/turn              (no ring)

@: very slightly contaminated
A: change form in water, swift swim, stealthy swim
a: no special abilities


You were on level 3 of the Dungeon.
You were not hungry.

You visited 1 branch of the dungeon, and saw 3 of its levels.

You collected 223 gold pieces.

Inventory:

Hand Weapons
 j - a +1 spear of pain
   (You took it off a gnoll on level 3 of the Dungeon)
Armour
 b - a +0 robe (worn)
 h - a +0 helmet
   (You found it on level 1 of the Dungeon)
Scrolls
 d - 6 scrolls of teleportation {@r4}
 g - 4 scrolls of magic mapping
Potions
 c - a potion of experience {unknown}
 f - a potion of berserk rage {unknown}
 i - a potion of brilliance {unknown}
 k - a potion of lignification {unknown}
Comestibles
 a - 3 chunks of flesh
 e - 4 rations


   Skills:
 - Level 1.1 Fighting
 - Level 2.6 Dodging
 + Level 2.4 Stealth
 + Level 4.1 Unarmed Combat
 + Level 3.2 Spellcasting
 + Level 4.0 Transmutations
 + Level 1.2 Poison Magic


You had 4 spell levels left.
You knew the following spells:

 Your Spells              Type           Power        Failure   Level  Hunger
a - Beastly Appendage     Tmut           ##....       4%          1    #......
b - Sticks to Snakes      Tmut           ##......     6%          2    ##.....
x - Spider Form           Tmut/Pois      #.........   22%         3    ###....

Your spell library contained the following spells:

 Spells                   Type           Power        Failure   Level  Hunger
 Ice Form                 Ice/Tmut       #.......     67%         4    #####..
 Blade Hands              Tmut           ##........   75%         5    ######.


Dungeon Overview and Level Annotations

Branches:
Dungeon (3/15)

Altars:


Message History

You hit the giant cockroach.
You kill the giant cockroach!
No target in view!
No target in view!
Found 7 gold pieces.
g - 4 scrolls of magic mapping (gained 1) Some of the chunks of flesh in your inventory have rotted away.
You now have 223 gold pieces (gained 7).
Found 20 stones.
You see here 20 stones.
Found a stone staircase leading up.
Found a ration.
A gnoll comes into view. It is wielding a +0 halberd.
A gnoll is nearby!
A gnoll is nearby!
The gnoll shouts!
You hear a shout!
A gnoll comes into view. It is wielding a +0 club.
A gnoll shaman comes into view. It is wielding a +0 club.
You miscast Spider Form.
You are very lightly contaminated with residual magic.
Your hands glow momentarily.
You turn into a venomous arachnid creature.
Your +0 robe melds into your body.
The gnoll closely misses you. The gnoll completely misses you.
You hit the gnoll.
The gnoll is poisoned.
You hit the gnoll shaman. You barely miss the gnoll shaman.
The gnoll hits you from afar with a +0 halberd!
You bite the gnoll shaman!
The gnoll shaman calls upon its god to heal the gnoll.
The gnoll is healed somewhat.
The gnoll completely misses you.
You barely miss the gnoll shaman. The gnoll shaman completely misses you.
The gnoll misses you.
Your transformation is almost over.
You hit the gnoll shaman but do no damage.
The gnoll shaman is poisoned.
The gnoll shaman hits you with a +0 club!
* * * LOW HITPOINT WARNING * * *
The gnoll shaman invokes the aid of its god against you.
You resist with some effort.
The gnoll looks more healthy.
There is a stone staircase leading up here.
Your transformation has ended.
Your +0 robe unmelds from your body.
You hit the gnoll shaman but do no damage.
The gnoll shaman hits you with a +0 club!
* * * LOW HITPOINT WARNING * * *
The gnoll hits you from afar with a +0 halberd!
You die...

#.####.#.########.#......#
#.#........[.<....#..##..#
***
#.#.##..##.##........###.#
*>*
#.#.#...#..#.............#
*,*
#.#..................#####
*,*
#....#######.#########*
*,*
#...................,,*
*,*
#.....######.#######*,*
***+*** #.............gg@#
*,* *⌠,,,⌠*
#.....######.##### *,*
*,,,,,* #.....#
#.#*****##,* *,,_,,*
#.....# #.#*,,,..#,*
*,,,,,* #.....#**
#.#*,,...#,* *⌠,,,⌠*
#.....#,* #.#*,....#,*
******* .......,*
#.##.....#,*******
#####.#,*
#.........,,,,,,,*
,,,,,,*,*
#.......g.,,,,,,,*


You could see a gnoll shaman and a gnoll.

Vanquished Creatures
  4 gnolls (D:3)
  3 adders
  3 worms
  5 dart slugs
  An orc (D:3)
  5 giant cockroaches
  5 goblins
  6 hobgoblins
  11 jackals
  6 kobolds
  A ball python (D:2)
  4 bats
  3 frilled lizards
  8 rats
65 creatures vanquished.

Vanquished Creatures (collateral kills)
  An adder (D:2)
  A bat (D:2)
  A goblin (D:1)
  A jackal (D:1)
  3 kobolds
7 creatures vanquished.

Grand Total: 72 creatures vanquished

Notes
Turn   | Place    | Note
-------+----------+-------------------------------------------
     0 | D:1      | MatthieuS the Merfolk Transmuter began the quest for the
                  | Orb.
     0 | D:1      | Reached XP level 1. HP: 15/15 MP: 3/3
   148 | D:1      | Reached XP level 2. HP: 18/21 MP: 5/5
   190 | D:1      | Learned a level 2 spell: Sticks to Snakes
   441 | D:1      | Reached skill level 1 in Stealth
   553 | D:1      | Reached XP level 3. HP: 18/26 MP: 3/6
   651 | D:1      | Learned a level 3 spell: Spider Form
  1610 | D:2      | Reached XP level 4. HP: 27/32 MP: 6/8
  3199 | D:3      | Reached XP level 5. HP: 24/37 MP: 2/9
  3347 | D:3      | Reached skill level 1 in Poison Magic
  3831 | D:3      | Slain by a gnoll

Levels and vault maps discovered:
D:1:      minmay_arrival_semitransparent, layout_basic
D:2:      layout_basic
D:3:      lemuel_upstairs_altar, layout_basic, first_ration, glass_columns_a,
          tgw_trog

Skill      XL: |  1  2  3  4  5 |
---------------+----------------+-----
Transmutations | 3 4 |  4.0
Stealth        | 1 2 |  2.4
Spellcasting   | 3 |  3.2
Unarmed Combat | 4 |  4.1
Poison Magic   | 1 |  1.2
Fighting       | |  1.1
Dodging        | |  2.6

Action                   |  1- 3 |  4- 6 || total
-------------------------+-------+-------++-------
Melee: Unarmed           |   101 |   130 ||   231
       Headbutt          |     7 |    11 ||    18
       Punch             |     2 |     2 ||     4
 Cast: Beastly Appendage |    14 |    10 ||    24
       Sticks to Snakes  |     6 |     6 ||    12
       Spider Form       |       |     7 ||     7
 Abil: End Transformatio |       |     4 ||     4
  Use: Scroll            |       |     3 ||     3
 Stab: Sleeping          |     2 |     1 ||     3
  Eat: Chunk             |     3 |     5 ||     8
       Ration            |       |     1 ||     1
Armor: Robe              |    31 |    20 ||    51
       Skin              |       |     1 ||     1
Dodge: Dodged            |    85 |   109 ||   194

Table legend:
 A = Non-vault XP
 B = Vault XP
 C = Vault XP percentage of total XP
 D = Non-vault monster count
 E = Vault monster count
 F = Vault count percentage of total count
                 A         B        C        D         E       F
            +---------+---------+-------+---------+---------+-------
      Total |     228 |       0 |   0.0 |      72 |       0 |   0.0
            +---------+---------+-------+---------+---------+-------
        D:1 |      50 |       0 |   0.0 |      25 |       0 |   0.0
        D:2 |      71 |       0 |   0.0 |      28 |       0 |   0.0
        D:3 |     107 |       0 |   0.0 |      19 |       0 |   0.0
            +---------+---------+-------+---------+---------+-------
